 Dungeon Crawl Stone Soup version 0.20-a0-1050-g57248f3 (webtiles) character file.

600 kuniqs the Fighter (level 7, -2/80 HPs)
             Began as an Ogre Berserker on Apr 25, 2017.
             Was a Priest of Trog.
             Slain by an orc
             ... wielding a +0 club
              (4 damage)
             ... on level 5 of the Dungeon.
             The game lasted 00:06:02 (4020 turns).

kuniqs the Fighter (Ogre Berserker)                 Turns: 4020, Time: 00:06:03

Health: -2/80      AC:  3    Str: 22    XL:     7   Next: 41%
Magic:  7/7        EV: 10    Int:  8    God:    Trog [***...]
Gold:   269        SH:  0    Dex: 10    Spells: 6/6 levels left

rFire    . . .     SeeInvis .   r - +1 dagger (venom)
rCold    . . .     Gourm    .   (no shield)
rNeg     . . .     Faith    .   b - +0 animal skin
rPois    .         Spirit   .   (helmet restricted)
rElec    .         Reflect  .   (no cloak)
rCorr    +         Harm     .   (gloves unavailable)
MR       .....                  (boots unavailable)
Stlth    +.........             (no amulet)
Regen    0.3/turn               m - ring of resist corrosion
MPRegen  0.1/turn               (no ring)

@: exhausted, slowed, very slow
A: unfitting armour, tough skin 1
a: Berserk, Trog's Hand, Burn Spellbooks, Renounce Religion


You were on level 5 of the Dungeon.
You worshipped Trog.
Trog was most pleased with you.
You were hungry.

You visited 1 branch of the dungeon, and saw 5 of its levels.

You collected 269 gold pieces.

Inventory:

Hand Weapons
 p - a +0 flail
 r - a +1 dagger of venom (weapon)
Armour
 b - a +0 animal skin (worn)
Jewellery
 m - a ring of resist corrosion (left hand)
 u - a cursed -3 ring of protection {unknown}
Scrolls
 i - a scroll of remove curse {unknown}
 l - a scroll of immolation {unknown}
 n - a scroll of magic mapping {unknown}
 o - 2 scrolls of enchant weapon {unknown}
 q - 5 scrolls of identify {unknown}
 t - a scroll of fog {unknown}
Potions
 a - a potion of magic {unknown}
 e - 2 potions of lignification {unknown}
 f - a potion of invisibility {unknown}
 g - a potion of brilliance {unknown}
 j - 2 potions of heal wounds {unknown}
 k - a potion of agility {unknown}
 s - a potion of might {unknown}
Comestibles
 d - 4 bread rations
 h - 3 royal jellies
 v - 2 chunks of flesh


   Skills:
 + Level 8.1 Fighting
 + Level 5.7 Maces & Flails
 - Level 2.6 Dodging


You had 6 spell levels left.
You didn't know any spells.

Dungeon Overview and Level Annotations

Branches:
Dungeon (5/15)
 Temple: D:4-7

Altars:
Ashenzari
Okawaru
Sif Muna
Vehumet
Wu Jian
The Shining One

Annotations:
D:3 1 exclusion


Innate Abilities, Weirdness & Mutations

You are too large for most types of armour.
You have tough skin. (AC +1)


Message History

The orc hits you with a club.
* * * LOW HITPOINT WARNING * * *
The orc hits you with a dagger.
* * * LOW HITPOINT WARNING * * *
You closely miss the orc. The orc hits you with a club.
* * * LOW HITPOINT WARNING * * *
The orc hits you with a dagger.
* * * LOW HITPOINT WARNING * * *
The orc hits you with a club.
* * * LOW HITPOINT WARNING * * *
You feel better. The orc hits you with a dagger.
* * * LOW HITPOINT WARNING * * *
The orc hits you with a club.
* * * LOW HITPOINT WARNING * * *
The orc barely misses you.
You barely miss the orc. The orc hits you but does no damage.
The orc hits you with a dagger.
* * * LOW HITPOINT WARNING * * *
The orc hits you with a club.
You die...

..#.##.......#.....##^^#≈^.≈#^
..#.##.###.#.......###^≈≈≈..≈.
....##.# #.#..##...###.###.##.
..####.# #.#..##.......#
..####.###.........#####
........#.......########
...###..#.##..#.# .....#
........#. #..#.##)....#
........# #....@o.....#
........#..<....o#.....#
...####.#..##.#..#.....#
........#r ......#######
..########.##.##.# ..# # #.
#.. ..# . ... ..# #. #.. .#.


You could see 2 orcs.

Vanquished Creatures
  An ice beast (D:5)
  A scorpion (D:5)
  A bullfrog skeleton (D:4)
  3 orc priests
  4 orc wizards
  A centaur skeleton (D:5)
  A worker ant (D:5)
  5 adders
  2 oozes
  2 adder skeletons (D:4)
  2 worms
  10 dart slugs
  5 leopard geckos
  14 orcs
  A ball python (D:1)
  2 giant cockroaches
  10 goblins
  5 hobgoblins
  6 jackals
  3 kobolds
  4 bats
  3 frilled lizards
  6 rats
92 creatures vanquished.

Notes
Turn   | Place    | Note
-------+----------+-------------------------------------------
     0 | D:1      | kuniqs the Ogre Berserker began the quest for the Orb.
     0 | D:1      | Reached XP level 1. HP: 24/24 MP: 1/1
   118 | D:1      | Reached XP level 2. HP: 32/33 MP: 2/2
   700 | D:2      | Reached XP level 3. HP: 33/40 MP: 3/3
   847 | D:2      | Reached ** piety under Trog
   900 | D:2      | Found an ornate altar of the Wu Jian Council.
  1193 | D:2      | Reached skill level 5 in Fighting
  1246 | D:2      | Found a glowing golden altar of the Shining One.
  1361 | D:3      | Reached XP level 4. HP: 36/50 MP: 4/4
  1457 | D:3      | Reached XP level 5. HP: 59/59 MP: 5/5
  1582 | D:3      | Found a shattered altar of Ashenzari.
  1746 | D:3      | Reached skill level 6 in Fighting
  2161 | D:3      | Reached XP level 6. HP: 47/68 MP: 6/6
  2419 | D:3      | Reached *** piety under Trog
  2655 | D:3      | Found a deep blue altar of Sif Muna.
  3349 | D:4      | Reached skill level 7 in Fighting
  3349 | D:4      | Reached skill level 5 in Maces & Flails
  3434 | D:4      | Found a radiant altar of Vehumet.
  3488 | D:4      | Found an iron altar of Okawaru.
  3833 | D:5      | Entered Level 5 of the Dungeon
  3968 | D:5      | Reached XP level 7. HP: 78/78 MP: 7/7
  4002 | D:5      | Reached skill level 8 in Fighting
  4014 | D:5      | HP: 3/80 [orc/dagger (4)]
  4018 | D:5      | HP: 1/80 [orc/club (1)]
  4020 | D:5      | Slain by an orc

Vault maps used:
D:1:      dpeg_arrival_refuge
D:2:      tso_altar, overflow_temple_1_default
D:3:      kennysheep_slugbush, led_sif_book, ashenzari_altar_1, first_bread,
          kennysheep_boxes
D:4:      overflow_temple_1_default, fiery_altar_vehumet
D:5:      marbit_many_paths, temple_pool_b, grunt_qazlal_sundering, uniq_ijyb,
          uniq_crazy_yiuf_cottage, uniq_menkaure

Skill      XL: |  1  2  3  4  5  6  7 |
---------------+----------------------+-----
Maces & Flails | 3 4 5 |  5.7
Fighting       | 5 6 7 8 |  8.1
Dodging        | |  2.6

Action                   |  1- 3 |  4- 6 |  7- 9 || total
-------------------------+-------+-------+-------++-------
Melee: Mace              |    89 |    55 |       ||   144
       Flail             |       |    60 |    16 ||    76
       Dagger            |       |    76 |     6 ||    82
Invok: Berserk           |     2 |     3 |     1 ||     6
  Use: Potion            |       |       |     3 ||     3
 Stab: Sleeping          |     1 |       |       ||     1
  Eat: Chunk             |     3 |    11 |     1 ||    15
Armor: Animal skin       |    24 |    37 |    10 ||    71
Dodge: Dodged            |    39 |   104 |    23 ||   166
